 Dungeon Crawl Stone Soup version 0.30-a0-723-gc1506a1cf0 (webtiles) character file.

Game seed: 1755935676370673466

12070 jimonade the Marksvine stalker (level 11, -3/54 HPs)
             Began as a Vine Stalker Hunter on Jan 29, 2023.
             Was a Priest of Uskayaw.
             Slain by Rupert
             ... wielding a +0 great mace of protection
              (12 damage)
             ... on level 12 of the Dungeon.
             The game lasted 00:24:46 (10902 turns).

jimonade the Marksvine stalker (VSHu)              Turns: 10902, Time: 00:24:48

Health: -3/54      AC: 17    Str: 14    XL:     11   Next: 87%
Magic:  0/24       EV: 10    Int:  9    God:    Uskayaw [***...]
Gold:   813        SH:  0    Dex: 25    Spells: 10/10 levels left

rFire   + . .      SeeInvis +    b - +4 long sword "Vylawkic" {freeze, rElec SInv}
rCold   . . .      Faith    .    (no shield)
rNeg    . . .      Spirit   +    j - +6 scale mail of Havodd {rElec Stlth+}
rPois   +          Reflect  .    R - +0 helmet
rElec   +          Harm     .    v - +1 cloak {rPois}
rCorr   .          Rampage  .    d - +0 pair of fencer's gloves {Riposte Dex+3}
Will    +....                    s - +0 pair of boots
Stlth   ++                       i - amulet of regeneration
HPRegen 1.89/turn                X - ring of magical power
MPRegen 0.19/turn                C - ring of protection from fire

@: no status effects
A: fangs 3, regeneration 1, magic shield, antimagic bite, no potion heal 2
a: Renounce Religion, Stomp, Line Pass


You were on level 12 of the Dungeon.
You worshipped Uskayaw.
Uskayaw was noncommittal.
You visited 2 branches of the dungeon, and saw 13 of its levels.

You collected 813 gold pieces.

Inventory:

Hand Weapons
 a - a +2 heavy shortbow
 b - the +4 long sword "Vylawkic" (weapon) {freeze, rElec SInv}
   (You found it on level 2 of the Dungeon)

   rElec:     It insulates you from electricity.
   SInv:      It lets you see invisible.
 D - a +1 dagger of holy wrath
 G - a +0 rapier
 I - a +1 shortbow
 O - a +0 arbalest
 Q - a +0 longbow
 S - a +1 rapier of venom
Missiles
 h - a curare-tipped dart (quivered)
 n - 11 silver javelins
 w - a throwing net
 z - 6 boomerangs
 H - 4 datura-tipped darts
 K - 13 poisoned darts
 N - 19 boomerangs of dispersal
Armour
 d - the +0 pair of fencer's gloves (worn) {Riposte Dex+3}
   (You acquired it on level 6 of the Dungeon)

   Riposte:   It allows the wearer to riposte with melee weapons, swiftly
   retaliating against missed or blocked melee attacks.
   Dex:       It affects your dexterity (+3).
 j - the +6 scale mail of Havodd (worn) {rElec Stlth+}
   (You found it on level 7 of the Dungeon)

   rElec:     It insulates you from electricity.
   Stlth:     It makes you more stealthy.
 s - a +0 pair of boots (worn)
 v - a +1 cloak of poison resistance (worn)
 A - a +0 buckler
 M - a +2 ring mail of poison resistance
 P - +0 acid dragon scales
 R - a +0 helmet (worn)
 W - a +0 troll leather armour
Magical Staves
 p - a staff of air
 J - a staff of poison
 Z - a staff of air
Jewellery
 e - a +6 ring of strength
 i - an amulet of regeneration (around neck)
 x - an amulet of the acrobat
 y - a ring of wizardry
 C - a ring of protection from fire (right hand)
 X - a ring of magical power (left hand)
Wands
 F - a wand of flame (19)
Scrolls
 m - 10 scrolls of identify
 o - 2 scrolls of teleportation
 r - 5 scrolls of immolation
 u - 3 scrolls of enchant weapon
 T - a scroll of silence {unknown}
 V - a scroll of acquirement
 Y - a scroll of enchant armour
Potions
 f - 4 potions of flight
 g - 2 potions of invisibility
 k - 2 potions of attraction
 l - 2 potions of might
 q - 2 potions of degeneration
 t - 4 potions of mutation
 B - a potion of resistance {unknown}
 E - a potion of berserk rage
 L - 3 potions of curing {unknown}
 U - 5 potions of lignification {unknown}
Miscellaneous
 c - a condenser vane


   Skills:
 + Level 4.6 Fighting
 + Level 5.4 Long Blades
 + Level 15.1 Ranged Weapons
 + Level 2.2 Dodging
 - Level 1.2 Stealth
 * Level 4.4 Invocations


You had 10 spell levels left.
You didn't know any spells.
Your spell library contained the following spells:

 Spells                   Type           Power      Damage    Failure   Level
 Apportation              Tloc           0%         N/A       88%         1
 Kiss of Death            Conj/Necr      0%         2d5       88%         1
 Necrotise                Necr           0%         1d4       88%         1
 Summon Small Mammal      Summ           0%         N/A       88%         1
 Blink                    Tloc           0%         N/A       95%         2
 Cigotuvi's Dreadful Rot  Necr/Pois/Air  0%         N/A       95%         2
 Lesser Beckoning         Tloc           0%         N/A       95%         2
 Momentum Strike          Conj/Tloc      0%         3d8       95%         2
 Poisonous Vapours        Pois/Air       0%         N/A       95%         2
 Confusing Touch          Hex            0%         N/A       99%         3
 Frozen Ramparts          Ice            0%         1d1       99%         3
 Gell's Gravitas          Tloc           0%         N/A       99%         3
 Mephitic Cloud           Conj/Pois/Air  0%         N/A       99%         3
 Teleport Other           Tloc           0%         N/A       99%         3
 Dispel Undead            Necr           0%         3d6       100%        4
 Ice Form                 Ice/Tmut       0%         N/A       100%        4
 Summon Ice Beast         Ice/Summ       0%         N/A       100%        4


Dungeon Overview and Level Annotations

Branches:
Dungeon (12/15)            Temple (1/1) D:7            Lair (0/5) D:11
    Orc (0/2) D:9

Altars:
Ashenzari
Cheibriados
Dithmenos
Elyvilon
Fedhas
Gozag
Hepliaklqana
Kikubaaqudgha
Makhleb
Nemelex Xobeh
Okawaru
Qazlal
Ru
Sif Muna
Trog
Uskayaw
Vehumet
Wu Jian
Xom
Yredelemnul
Zin
The Shining One

Shops:
D:7 **

Annotations:
D:12 Rupert


Innate Abilities, Weirdness & Mutations

You have razor-sharp teeth.
Your natural rate of healing is unusually fast.
When hurt, damage is shared between your health and your magic reserves.
Your bite disrupts and absorbs the magic of your enemies.
Potions cannot restore your health.


Message History

You feel less confused.
The centaur hits you but does no damage.
The centaur kicks you.
Rupert looks confused.
Rupert roars wildly at you. You resist with significant effort.
You slash Rupert! You freeze Rupert.
Rupert is moderately wounded.
The centaur hits you but does no damage.
The centaur kicks you.
Rupert hits you with a +0 great mace of protection!!
The centaur hits you. The centaur misses you.
You can now pass through a line of other dancers.
You hit Rupert. You freeze Rupert.
Rupert is heavily wounded.
The centaur hits you but does no damage.
The centaur closely misses you.
Rupert roars madly and goes into a rage!
Rupert goes berserk!
The centaur closely misses you.
You riposte.
You hit the centaur. You freeze the centaur.
You bite the centaur, but do no damage.
The centaur is lightly wounded.
The centaur barely misses you.
You hit Rupert but do no damage. You bite Rupert, but do no damage.
Rupert is heavily wounded.
Rupert hits you but does no damage. The centaur completely misses you.
You riposte.
You slash the centaur! You freeze the centaur. You bite the centaur.
You kill the centaur!
Rupert hits you with a +0 great mace of protection!!!
Ouch! That really hurt!
* * * LOW HITPOINT WARNING * * *
Uskayaw will force your foes to helplessly watch your dance.
Uskayaw prepares the audience for your solo!
The helpless Rupert fails to defend himself.
You hit Rupert but do no damage.
Rupert is moderately wounded.
Rupert is no longer paralysed.
Rupert hits you with a +0 great mace of protection!
You die...

#.<.# # ..........#
........>.+ ..(.......#
..........#
..........####### ###
..........(....# #..
.#..#.)#.....#..# #..
......@@........######..
.....##'####............
.#. #... #.....#..#..#
##### #............
#....######## #....#
#.#..# #....# #...>#


You could see Rupert (berserk, strong).

Vanquished Creatures
  A boulder beetle (D:11)
  2 two-headed ogres (D:9)
  Urug (D:11)
  A manticore (D:12)
  A gargoyle (D:12)
  A komodo dragon (D:11)
  An unseen horror (D:12)
  4 trolls
  2 hornets
  Grinder (D:3)
  Sigmund (D:5)
  8 yaks (D:10)
  2 wraiths
  A shadow (D:9)
  2 vampires (D:11)
  Eustachio (D:5)
  3 wyverns
  3 vampire mosquitoes (D:11)
  2 acid dragons
  2 water moccasins
  4 orc warriors
  2 ice beasts
  6 centaurs
  2 ogres
  4 bullfrogs
  4 kobold brigands
  2 necrophages
  3 scorpions
  5 wights (D:10)
  9 killer bees
  3 howler monkeys
  2 jellies
  Crazy Yiuf (D:3)
  5 orc priests
  4 hounds
  An iguana (D:5)
  Jessica (D:2)
  13 orc wizards
  Terence (D:2)
  7 adders
  A shadow imp (D:5)
  2 white imps (D:7)
  An ufetubus (D:7)
  4 worms
  2 dart slugs (D:1)
  26 orcs
  7 endoplasms
  4 giant cockroaches
  4 hobgoblins
  3 jackals (D:1)
  15 kobolds
  3 quokkas
  5 ball pythons
  3 bats
  3 frilled lizards
  7 rats
209 creatures vanquished.

Vanquished Creatures (others)
  39 plants (D:11)
39 creatures vanquished.

Grand Total: 248 creatures vanquished

Notes
Turn   | Place    | Note
-------+----------+-------------------------------------------
     0 | D:1      | jimonade the Vine Stalker Hunter began the quest for the
                  | Orb.
     0 | D:1      | Reached XP level 1. HP: 11/11 MP: 2/2
    34 | D:1      | Reached skill level 4 in Ranged Weapons
    34 | D:1      | Reached XP level 2. HP: 11/15 MP: 3/3
   396 | D:1      | Reached XP level 3. HP: 18/18 MP: 4/4
   550 | D:2      | Noticed Jessica
   553 | D:2      | Killed Jessica
   602 | D:2      | Reached skill level 5 in Ranged Weapons
   602 | D:2      | Gained mutation: Your natural rate of healing is unusually
                  | fast. [Vine Stalker growth]
   602 | D:2      | Reached XP level 4. HP: 23/23 MP: 5/5
   819 | D:2      | Identified the +4 long sword "Vylawkic" {freeze, rElec
                  | SInv}
   844 | D:2      | Noticed Terence
   854 | D:2      | Killed Terence
   980 | D:2      | Found a faded altar of an unknown god.
  1468 | D:3      | Reached XP level 5. HP: 26/26 MP: 6/6
  1561 | D:3      | Found an opulent altar of Gozag.
  1640 | D:3      | Noticed Grinder
  1659 | D:3      | Reached skill level 6 in Ranged Weapons
  1662 | D:3      | Paralysed by Grinder for 5 turns
  1670 | D:3      | Paralysed by Grinder for 5 turns
  1685 | D:3      | Killed Grinder
  1686 | D:3      | Reached skill level 7 in Ranged Weapons
  1686 | D:3      | Reached XP level 6. HP: 9/30 MP: 1/7
  1838 | D:3      | Found a runed translucent door.
  1839 | D:3      | Noticed Crazy Yiuf
  2062 | D:3      | Killed Crazy Yiuf
  2338 | D:4      | Reached XP level 7. HP: 22/34 MP: 4/8
  2457 | D:4      | Found an ancient bone altar of Kikubaaqudgha.
  2562 | D:4      | Reached skill level 8 in Ranged Weapons
  2897 | D:5      | Entered Level 5 of the Dungeon
  2897 | D:5      | Noticed Sigmund
  3127 | D:5      | Killed Sigmund
  3210 | D:5      | Reached skill level 9 in Ranged Weapons
  3210 | D:5      | Gained mutation: You have razor-sharp teeth. [Vine Stalker
                  | growth]
  3210 | D:5      | Reached XP level 8. HP: 37/38 MP: 5/9
  3428 | D:5      | Noticed Eustachio
  3568 | D:5      | Killed Eustachio
  3644 | D:5      | Reached skill level 10 in Ranged Weapons
  4908 | D:6      | Identified a scroll of acquirement
  4908 | D:6      | Acquired the +0 pair of fencer's gloves {Riposte Dex+3}
  4908 | D:6      | Found the +0 pair of fencer's gloves {Riposte Dex+3}
  4984 | D:7      | Reached XP level 9. HP: 42/42 MP: 10/10
  5016 | D:7      | Identified the +6 scale mail of Havodd {rElec Stlth+}
  5082 | D:7      | Found Ona Wuta's Specific Store.
  5087 | D:7      | Found Voydoeha's General Store.
  5101 | D:7      | Reached skill level 11 in Ranged Weapons
  5128 | D:7      | Found a staircase to the Ecumenical Temple.
  5147 | Temple   | Entered the Ecumenical Temple
  5577 | Temple   | Became a worshipper of Uskayaw the Reveller
  5630 | D:7      | Reached * piety under Uskayaw
  5739 | D:7      | Reached ** piety under Uskayaw
  5988 | D:8      | Noticed a hornet
  6001 | D:8      | Killed a hornet
  6001 | D:8      | Reached *** piety under Uskayaw
  6004 | D:8      | Reached **** piety under Uskayaw
  6227 | D:8      | Reached skill level 12 in Ranged Weapons
  7013 | D:9      | Noticed a hornet
  7022 | D:9      | Killed a hornet
  7051 | D:9      | Noticed a two-headed ogre
  7059 | D:9      | Killed a two-headed ogre
  7060 | D:9      | Reached skill level 13 in Ranged Weapons
  7060 | D:9      | Reached XP level 10. HP: 19/46 MP: 3/11
  7376 | D:9      | Reached ***** piety under Uskayaw
  7381 | D:9      | Noticed a two-headed ogre
  7406 | D:9      | Killed a two-headed ogre
  7419 | D:9      | Found a staircase to the Orcish Mines.
  7452 | D:9      | Reached skill level 14 in Ranged Weapons
  7780 | D:10     | Entered Level 10 of the Dungeon
  7878 | D:10     | Reached skill level 1 in Long Blades
  8093 | D:10     | Reached skill level 1 in Invocations
  8331 | D:10     | Reached XP level 11. HP: 45/51 MP: 13/13
  9283 | D:11     | Noticed a boulder beetle
  9299 | D:11     | Killed a boulder beetle
  9583 | D:11     | Noticed Urug
  9593 | D:11     | Killed Urug
  9621 | D:11     | Found a staircase to the Lair.
 10207 | D:12     | Reached skill level 5 in Long Blades
 10408 | D:12     | Noticed a manticore
 10413 | D:12     | Killed a manticore
 10414 | D:12     | Reached skill level 15 in Ranged Weapons
 10485 | D:12     | Found an iron altar of Okawaru.
 10888 | D:12     | Noticed Rupert
 10902 | D:12     | Slain by Rupert

Illustrated notes

Levels and vault maps discovered:
D:1:      eino_arrival_tree_alley, layout_basic
D:2:      layout_basic, shapermc_ecumenical_altar_mp_vishouse,
          minmay_misc_feat_rows, uniq_jessica, uniq_terence
D:3:      layout_basic, lemuel_round_altar, uniq_crazy_yiuf_cottage,
          uniq_grinder
D:4:      layout_loops_cross, mainiacjoe_overflow_tiny_flanked
D:5:      minmay_angry_zag, layout_basic, serial_bayou_pond_e, uniq_sigmund,
          uniq_eustachio
D:6:      layout_gridville, hangedman_decor_points
D:7:      layout_cave_pools, minmay_temple_entry_glassed_door,
          nicolae_specific_store
D:8:      layout_loops_corners
D:9:      layout_loops_corners, david_orc_3, minmay_misc_feat_pillars
D:10:     layout_grid_maze, st_stairs_11
D:11:     layout_long_grid, david_lair_shrubbed, minmay_unpleasant_kobolds,
          uniq_urug
D:12:     layout_stronghold, okawaru_trees_1, uniq_rupert
Temple:   nicolae_temple_bog_church

Skill      XL: |  1  2  3  4  5  6  7  8  9 10 11 |
---------------+----------------------------------+-----
Ranged Weapons | 4 5 7 9 10 13 14 15 | 15.1
Long Blades    | 3 5 |  5.4
Fighting       | 2 4 |  4.6
Invocations    | 2 4 |  4.4
Dodging        | 2 |  2.2
Stealth        | |  1.2

Action                     |  1- 3 |  4- 6 |  7- 9 | 10-12 || total
---------------------------+-------+-------+-------+-------++-------
  Melee: Long sword        |       |       |    75 |   144 ||   219
         Bite              |       |       |    25 |    63 ||    88
         Punch             |       |       |     2 |     2 ||     4
   Fire: Shortbow          |    59 |   145 |   180 |   170 ||   554
         Longbow           |       |       |       |    18 ||    18
  Throw: Dart              |       |       |       |     6 ||     6
    Use: Scroll            |       |       |    19 |     2 ||    21
   Stab: Paralysed         |       |       |     2 |    11 ||    13
         Distracted        |       |       |       |     1 ||     1
 Armour: Leather armour    |     5 |    19 |    18 |       ||    42
         Scale mail        |       |       |    34 |   104 ||   138
  Dodge: Dodged            |    10 |    53 |    71 |   106 ||   240
Riposte: Long sword        |       |       |     7 |    27 ||    34

Table legend: (Time is in decaauts)
 A = Elapsed time spent in this place.
 B = Non-inter-level travel time spent in this place.
 C = Inter-level travel time spent in this place.
 D = Time resting spent in this place.
 E = Time spent auto-exploring this place.
 F = Levels seen in this place.
 G = Mean time per level.
                   A        B        C        D        E       F      G
               +--------+--------+--------+--------+--------+-----+--------+
         Total |  11009 |  10203 |    806 |    696 |   7490 |  13 |  846.8 |
       Dungeon |  10748 |   9995 |    753 |    696 |   7303 |  12 |  895.7 |
        Temple |    261 |    208 |     53 |      0 |    187 |   1 |  261.0 |
               +--------+--------+--------+--------+--------+-----+--------+

Top non-repeatable levels by time:
    D:10: 1231 daAuts
    D:11: 1153 daAuts
     D:9: 985 daAuts
     D:6: 975 daAuts
     D:8: 923 daAuts
     D:4: 916 daAuts
     D:5: 900 daAuts
     D:2: 885 daAuts
     D:3: 802 daAuts
    D:12: 752 daAuts
     D:7: 661 daAuts
     D:1: 560 daAuts
  Temple: 261 daAuts
